 Dungeon Crawl Stone Soup version 0.23.2-1-ga50397a (webtiles) character file.

Game seed: 15823380815462652909

2834 MalarOregon the Covert (level 9, -6/82 HPs)
             Began as a Ghoul Gladiator on June 1, 2019.
             Mangled by a two-headed ogre
             ... wielding a +0 giant spiked club
              (12 damage)
             ... on level 7 of the Dungeon.
             The game lasted 00:17:06 (8716 turns).

MalarOregon the Covert (Ghoul Gladiator)            Turns: 8716, Time: 00:17:07

Health: -6/82      AC:  6    Str: 18    XL:     9   Next: 73%
Magic:  8/8        EV: 12    Int:  6    God:
Gold:   49         SH:  0    Dex: 10    Spells: 8/8 levels left

rFire    + . .     SeeInvis +     - Unarmed
rCold    + + +     Gourm    .   (no shield)
rNeg     + + +     Faith    .   a - +0 leather armour
rPois    ∞         Spirit   .   b - +1 helmet
rElec    +         Reflect  .   (no cloak)
rCorr    +         Harm     .   y - +0 pair of gloves
MR       .....                  (no boots)
Stlth    ++++......             (no amulet)
HPRegen  0.00/turn              z - ring of see invisible
MPRegen  0.11/turn              o - ring of protection from cold

@: resistant, rotting
A: rotting body, claws 1, carnivore, cold resistance 1, negative energy
resistance 3, inhibited regeneration, torment resistance, unbreathing
a: no special abilities


You were on level 7 of the Dungeon.
You were not hungry.

You visited 1 branch of the dungeon, and saw 8 of its levels.

You collected 413 gold pieces.
You spent 364 gold pieces at shops.

Inventory:

Missiles
 c - 5 throwing nets (quivered) {!f}
Armour
 a - a +0 leather armour (worn)
 b - a +1 helmet (worn)
 y - a +0 pair of gloves (worn)
   (You found it on level 4 of the Dungeon)
Jewellery
 o - a ring of protection from cold (right hand)
   (You found it on level 4 of the Dungeon)
 w - an uncursed ring of protection from cold
   (You found it on level 4 of the Dungeon)
 z - a ring of see invisible (left hand)
   (You found it on level 4 of the Dungeon)
Wands
 g - a wand of polymorph (4)
   (You took it off Terence on level 2 of the Dungeon)
Scrolls
 h - 3 scrolls of immolation {unknown}
 j - 2 scrolls of identify {@r1}
 r - 2 scrolls of amnesia {unknown}
 s - 6 scrolls of remove curse {@r2}
 t - 6 scrolls of enchant weapon
 v - 3 scrolls of teleportation {@r4}
 x - a scroll of torment
 A - a scroll of magic mapping {unknown}
 C - a scroll of brand weapon {unknown}
Potions
 d - a potion of ambrosia {unknown}
 f - 2 potions of degeneration {unknown}
 i - 5 potions of flight {unknown}
 k - 3 potions of might {unknown}
 l - 2 potions of agility {unknown}
 m - 5 potions of curing {unknown}
 n - 2 potions of haste {@q3}
 p - a potion of resistance
 q - a potion of heal wounds {@q2}
 B - a potion of invisibility {unknown}
 D - 2 potions of cancellation {unknown}
Comestibles
 e - 7 rations {!d}
 u - 3 chunks of flesh


   Skills:
 + Level 8.6 Fighting
 - Level 1.7 Throwing
 - Level 2.6 Dodging
 + Level 9.0 Stealth
 + Level 8.9 Unarmed Combat


You had 8 spell levels left.
You didn't know any spells.
Your spell library contained the following spells:

 Spells                   Type           Power        Failure   Level  Hunger
 Summon Small Mammal      Summ           #...         52%         1    ##.....
 Call Imp                 Summ           #.......     65%         2    ###....
 Call Canine Familiar     Summ           #.......     87%         3    ####...
 Summon Guardian Golem    Hex/Summ       #.......     87%         3    ####...
 Summon Ice Beast         Ice/Summ       #.......     99%         4    #####..
 Summon Lightning Spire   Summ/Air       #.......     99%         4    #####..


Dungeon Overview and Level Annotations

Branches:
Dungeon (8/15)             Temple (0/1) D:7            Lair (0/6) D:8

Altars:
Ashenzari
Dithmenos
Elyvilon
Fedhas
Hepliaklqana
Okawaru
Uskayaw
Vehumet
Wu Jian
Xom
Zin

Shops:
D:4 *   D:6 *

Annotations:
D:5 exclusion: two-headed ogre


Innate Abilities, Weirdness & Mutations

Your body is rotting away.
You thrive on raw meat.
You are immune to poison.
You have sharp fingernails.
You are carnivorous and can eat meat at any time.
Your flesh is cold resistant. (rC+)
You are immune to negative energy. (rN+++)
You do not regenerate when monsters are visible.
You are immune to unholy pain and torment.
You can survive without breathing.


Message History

You kill the crocodile!
You see here a crocodile corpse.
You butcher the crocodile corpse.
u - 6 chunks of flesh You see here a crocodile skeleton.
Eat one of 6 chunks of flesh? (ye/n/q)
You eat one of the 6 chunks of flesh.
This raw flesh tastes great!
Eat one of 5 chunks of flesh? (ye/n/q)
You eat one of the 5 chunks of flesh.
This raw flesh tastes great!
Eat one of 4 chunks of flesh? (ye/n/q)
You eat one of the 4 chunks of flesh.
This raw flesh tastes great!
There is a stone staircase leading down here.
Eat one of 3 chunks of flesh? (ye/n/q)
You eat one of the 3 chunks of flesh.
This raw flesh tastes great!
You start resting.
You climb downwards.
The adder barely misses you.
The two-headed ogre hits you with a +0 giant spiked club!!
The two-headed ogre hits you with a +0 dire flail.
The adder barely misses you.
There is a stone staircase leading up here.
The two-headed ogre hits you with a +0 giant spiked club!
* * * LOW HITPOINT WARNING * * *
The two-headed ogre completely misses you.
The adder barely misses you. The hippogriff bites you.
* * * LOW HITPOINT WARNING * * *
The hippogriff pecks you.
* * * LOW HITPOINT WARNING * * *
The hippogriff claws you but does no damage.
You climb upwards.
There is a stone staircase leading down here.
Unknown command.
You punch the adder!
You kill the adder!
Your Stealth skill increases to level 9!
You see here an adder corpse.
You butcher the adder corpse.
The two-headed ogre closely misses you.
The two-headed ogre completely misses you.
Things that are here:
a chunk of flesh; an adder skeleton
u - 3 chunks of flesh (gained 1)
The two-headed ogre misses you. The two-headed ogre barely misses you.
You see here a long sword.
It was a potion of resistance.
You feel protected.
The two-headed ogre hits you with a +0 giant spiked club!!
* * * LOW HITPOINT WARNING * * *
The two-headed ogre hits you with a +0 dire flail!
* * * LOW HITPOINT WARNING * * *
The two-headed ogre hits you with a +0 giant spiked club!
You die...

#.#
#.#
#.#
#.#
#.#
#.#
#.#
#O#
#@#
#.#
#(#
#.#
#.#
#.#
#.#
#.#
#.#


You could see a two-headed ogre.

Vanquished Creatures
  A hippogriff (D:7)
  Menkaure (D:4)
  3 ice beasts
  An orc warrior (D:7)
  A sky beast (D:5)
  2 phantoms
  3 ogres
  A necrophage (D:6)
  A centaur (D:6)
  A crocodile (D:7)
  The ghost of sergedm the Conjurer, an amateur DECj (D:6)
  Blork the orc (D:6)
  5 scorpions
  3 howler monkeys
  3 crimson imps
  3 hounds
  5 orc wizards
  Jessica (D:2)
  A bullfrog skeleton (D:6)
  Terence (D:2)
  9 worker ants
  A hound zombie (D:6)
  7 gnolls
  8 adders
  A shadow imp (D:5)
  5 adder skeletons
  2 worms
  3 dart slugs
  8 leopard geckos
  14 orcs
  7 bats
  4 giant cockroaches
  6 goblins
  5 hobgoblins
  17 jackals
  2 ball pythons
  7 frilled lizards
  A jackal skeleton (D:4)
  3 kobolds
  A leopard gecko skeleton (D:4)
  4 rats
  2 fungi (D:4)
156 creatures vanquished.

Vanquished Creatures (others)
  A fungus (D:4)
1 creature vanquished.

Grand Total: 157 creatures vanquished

Notes
Turn   | Place    | Note
-------+----------+-------------------------------------------
     0 | D:1      | MalarOregon the Ghoul Gladiator began the quest for the
                  | Orb.
     0 | D:1      | Reached XP level 1. HP: 17/17 MP: 0/0
   107 | D:1      | Reached XP level 2. HP: 25/25 MP: 1/1
   180 | D:1      | Reached skill level 1 in Stealth
   492 | D:2      | Noticed Jessica
   492 | D:2      | You fall through a shaft!
   514 | D:3      | Found a glowing silver altar of Zin.
   515 | D:3      | Found an iron altar of Okawaru.
   516 | D:3      | Found a shattered altar of Ashenzari.
   552 | D:3      | Reached XP level 3. HP: 21/30 MP: 2/2
   565 | D:3      | Found a radiant altar of Vehumet.
   982 | D:3      | Reached skill level 2 in Stealth
  1279 | D:2      | Noticed Terence
  1380 | D:2      | Reached XP level 4. HP: 37/38 MP: 3/3
  1470 | D:2      | Killed Terence
  1673 | D:2      | Killed Jessica
  1711 | D:2      | Found a white marble altar of Elyvilon.
  1796 | D:2      | Reached XP level 5. HP: 44/44 MP: 4/4
  1811 | D:2      | Found an ornate altar of the Wu Jian Council.
  1857 | D:2      | Found a blossoming altar of Fedhas.
  2024 | D:4      | Reached skill level 3 in Stealth
  2378 | D:4      | Noticed Menkaure
  2391 | D:4      | Killed Menkaure
  2391 | D:4      | Reached XP level 6. HP: 23/53 MP: 5/5
  2477 | D:4      | Reached skill level 4 in Stealth
  2477 | D:4      | Reached skill level 5 in Unarmed Combat
  2833 | D:4      | Reached XP level 7. HP: 34/60 MP: 6/6
  2856 | D:4      | Reached skill level 5 in Fighting
  2933 | D:4      | Found Wida Laure's General Store.
  2942 | D:4      | Bought a scroll of torment for 105 gold pieces
  2942 | D:4      | Bought a scroll of teleportation for 42 gold pieces
  2942 | D:4      | Bought a scroll of teleportation for 42 gold pieces
  3253 | D:4      | Reached skill level 5 in Stealth
  3733 | D:4      | Noticed a +0 dagger
  3734 | D:4      | Noticed a +0 dagger
  3739 | D:4      | Found a hide-covered altar of Uskayaw.
  3829 | D:5      | Entered Level 5 of the Dungeon
  3927 | D:5      | Reached XP level 8. HP: 46/70 MP: 7/7
  4125 | D:5      | Found a shadowy altar of Dithmenos.
  4150 | D:5      | Reached skill level 6 in Stealth
  4358 | D:5      | Noticed a two-headed ogre
  4725 | D:5      | Found a shimmering altar of Xom.
  4725 | D:5      | Found a white marble altar of Elyvilon.
  4888 | D:4      | Bought a potion of heal wounds for 70 gold pieces
  5044 | D:6      | Reached skill level 7 in Stealth
  5169 | D:6      | Noticed Blork the orc
  5179 | D:6      | Killed Blork the orc
  5206 | D:6      | Reached XP level 9. HP: 28/77 MP: 8/8
  5329 | D:6      | Found a hazy altar of Hepliaklqana.
  5453 | D:6      | Found Gank's General Store.
  5662 | D:6      | Found a large runed translucent door.
  5662 | D:6      | Found a large runed translucent door.
  5797 | D:6      | Noticed sergedm's ghost (amateur DECj)
  6211 | D:4      | Bought a scroll of enchant weapon for 105 gold pieces
  6548 | D:4      | Found Wida Laure's General Store.
  6743 | D:4      | Reached skill level 8 in Stealth
  7154 | D:4      | Found a hide-covered altar of Uskayaw.
  7334 | D:6      | Killed sergedm's ghost
  7703 | D:7      | Found a staircase to the Ecumenical Temple.
  7979 | D:7      | HP: 2/82 [orc warrior/+0 long sword (19)]
  8529 | D:8      | Found a staircase to the Lair.
  8529 | D:8      | Noticed an elephant
  8530 | D:8      | Noticed a two-headed ogre
  8678 | D:7      | Reached skill level 9 in Stealth
  8716 | D:7      | Mangled by a two-headed ogre

Skill      XL: |  1  2  3  4  5  6  7  8  9 |
---------------+----------------------------+-----
Stealth        | 1 2 3 4 5 7 9 |  9.0
Fighting       | 3 4 5 7 8 |  8.6
Unarmed Combat | 4 5 6 7 8 |  8.9
Throwing       | |  1.7
Dodging        | |  2.6

Action                   |  1- 3 |  4- 6 |  7- 9 || total
-------------------------+-------+-------+-------++-------
Melee: Unarmed           |   134 |   120 |   517 ||   771
       Punch             |     1 |     6 |    16 ||    23
  Use: Scroll            |       |     4 |     1 ||     5
       Potion            |       |     2 |     2 ||     4
 Stab: Sleeping          |     1 |     1 |    16 ||    18
  Eat: Chunk             |     7 |     5 |    45 ||    57
       Ration            |       |       |     1 ||     1
Armor: Leather armour    |    35 |    20 |   115 ||   170
Dodge: Dodged            |    68 |    61 |   266 ||   395
